 Dungeon Crawl Stone Soup version 0.27-a0-95-g5a9077b (webtiles) character file.

Game seed: 1872680058606831913

8444 DullName the Blocker (level 11, -3/78 (82) HPs)
             Began as a Minotaur Fighter on Jan 17, 2021.
             Was a Priest of Makhleb.
             Killed by divine providence
             ... invoked by an orc high priest
              (13 damage)
             ... on level 9 of the Dungeon.
             The game lasted 01:11:17 (12543 turns).

DullName the Blocker (Minotaur Fighter)            Turns: 12543, Time: 01:11:18

HP:   -3/78 (82)    AC: 19    Str: 24      XL:     11   Next: 10%
MP:   10/10         EV:  9    Int:  4 (5)  God:    Makhleb [***...]
Gold: 258           SH: 17    Dex: 10      Spells: 10/10 levels left

rFire    . . .     SeeInvis .   G - +3 falchion
rCold    . . .     Faith    .   c - +0 kite shield
rNeg     . . .     Spirit   .   t - +4 chain mail
rPois    .         Reflect  +   (helmet restricted)
rElec    .         Harm     .   T - scarf {shadows}
rCorr    .         Rampage  +   V - +1 pair of gloves
Will     .....                  P - +0 pair of boots {rampage}
Stlth    ..........             h - amulet of reflection
HPRegen  0.23/turn              e - ring of stealth
MPRegen  0.12/turn              (no ring)

@: lightly drained
A: retaliatory headbutt, horns 2, deterioration 1, frail 1
a: Renounce Religion, Minor Destruction, Lesser Servant of Makhleb


You were on level 9 of the Dungeon.
You worshipped Makhleb.
Makhleb was most pleased with you.
You visited 3 branches of the dungeon, and saw 12 of its levels.

You collected 590 gold pieces.
You spent 332 gold pieces at shops.

Inventory:

Hand Weapons
 b - a +0 rapier of venom
 r - a +4 short sword of freezing
 w - a +0 long sword
 G - a +3 falchion (weapon)
 J - a +1 mace of draining
Missiles
 f - 11 boomerangs (quivered)
Armour
 c - a +0 kite shield (worn)
 t - a +4 chain mail (worn)
 P - a +0 pair of boots of rampaging (worn)
 T - a scarf of shadows (worn)
 V - a +1 pair of gloves (worn)
Magical Staves
 n - a cursed staff of conjuration {unknown}
 L - an uncursed staff of air
Jewellery
 e - a ring of stealth (left hand)
 h - an amulet of reflection (around neck)
 j - an uncursed ring of magical power {unknown}
 q - an uncursed ring of ice
 B - an uncursed amulet of magic regeneration
Wands
 a - a wand of random effects (22)
 A - a wand of polymorph (3)
 Q - a wand of disintegration (15)
Scrolls
 g - 2 scrolls of amnesia {unknown}
 i - 3 scrolls of remove curse
 k - 3 scrolls of identify
 p - a scroll of fog {unknown}
 v - a scroll of enchant armour
 x - 3 scrolls of enchant weapon {unknown}
 y - a scroll of blinking {unknown}
 C - 2 scrolls of noise {unknown}
 E - 5 scrolls of fear
 K - 3 scrolls of immolation
 R - 6 scrolls of teleportation
 X - a scroll of magic mapping {unknown}
 Y - a scroll of holy word {unknown}
Potions
 d - 3 potions of might
 l - a potion of haste {unknown}
 m - a potion of resistance {unknown}
 o - 2 potions of attraction {unknown}
 s - a potion of flight {unknown}
 u - a potion of brilliance {unknown}
 z - 2 potions of ambrosia {unknown}
 D - a potion of curing {unknown}
 F - a potion of lignification {unknown}
 H - 2 potions of berserk rage
 M - 2 potions of invisibility {unknown}
 N - a potion of magic {unknown}
 O - 3 potions of degeneration {unknown}
 U - 3 potions of heal wounds {unknown}


   Skills:
 + Level 7.6 Fighting
 + Level 7.7(9.5) Short Blades
 + Level 9.6(10.9) Long Blades
 + Level 0.8 Throwing
 + Level 9.0 Armour
 + Level 3.5 Dodging
 + Level 1.8 Stealth
 + Level 11.7 Shields


You had 10 spell levels left.
You didn't know any spells.
Your spell library contained the following spells:

 Spells                   Type           Power        Failure   Level
 Corona                   Hex            0%           99%         1
 Magic Dart               Conj           0%           99%         1
 Sting                    Tmut/Pois      0%           99%         1
 Blink                    Tloc           N/A          100%        2
 Call Imp                 Summ           0%           100%        2
 Ensorcelled Hibernation  Hex/Ice        0%           100%        2
 Poisonous Vapours        Pois/Air       0%           100%        2
 Slow                     Hex            0%           100%        2
 Confusing Touch          Hex            0%           100%        3
 Conjure Flame            Conj/Fire      0%           100%        3
 Dazzling Flash           Conj/Hex       0%           100%        3
 Ignite Poison            Fire/Tmut/Pois 0%           100%        3
 Mephitic Cloud           Conj/Pois/Air  0%           100%        3
 Tukima's Dance           Hex            0%           100%        3
 Olgreb's Toxic Radiance  Pois           0%           100%        4


Dungeon Overview and Level Annotations

Branches:
Dungeon (9/15)             Temple (1/1) D:4            Lair (0/6) D:9
    Orc (2/2) D:9
    Elf: Orc:2

Altars:
Ashenzari
Cheibriados
Dithmenos
Elyvilon
Fedhas
Gozag
Hepliaklqana
Kikubaaqudgha
Makhleb
Nemelex Xobeh
Okawaru
Qazlal
Ru
Sif Muna
Trog
Uskayaw
Vehumet
Wu Jian
Xom
Yredelemnul
Zin
The Shining One

Shops:
D:5 }   D:7 [?[   Orc:2 *


Innate Abilities, Weirdness & Mutations

You reflexively headbutt those who attack you in melee.
You have a pair of horns on your head.
Your body sometimes deteriorates upon taking damage.
You are frail. (-10% HP)


Message History

You hit the orc high priest.
The orc high priest is lightly wounded.
The orc high priest invokes the aid of Beogh against you.
Pain shoots through your body!
* * * LOW HITPOINT WARNING * * *
Your body deteriorates!
You feel dopey. The orc high priest closely misses you.
You block the orc high priest's attack.
There is an open door here.
Items here: ( )))))))))))))) [[[[[.
The orc high priest says, "Your suffering will cleanse you of your heresy."
The orc high priest prays to Beogh.
Items here: ( ))) [.
The orc high priest prays to Beogh.
The chaos spawn degenerates into a cloud of primal chaos!
There is an open door here.
There is an open door here.
The orc high priest mumbles some strange prayers to Beogh against you.
Beogh smites you!
You die...

#..[.# #####'### ###. #######.###
##..# #... ###.........# #..##
##'## ###.......[)..# #.## #....
.##.#.........# ###'########...>
.#..#.........# #.........##....
...##.....<...####..........#....
#####............#...............
.# #.........##@#....<....##....
## #.........##.'.........##....
#.........####..4.o....######
##.######## ######'#### # #...#
#.# # ###.## ##.# #..#
#########..# ###.####....o)4..##
### #######......#.###4###..# #..


You could see an orc high priest and a rust devil (summoned).

Vanquished Creatures
  Harold (D:7)
  A two-headed ogre (D:8)
  An orc knight (Orc:1)
  An elephant (D:9)
  A troll (D:9)
  Prince Ribbit (D:6)
  A wyvern (D:9)
  2 basilisks (D:9)
  A warg (Orc:2)
  Menkaure (D:6)
  Duvessa (D:6)
  2 sky beasts (D:6)
  8 orc warriors
  3 phantoms
  3 ice beasts
  2 black bears
  3 ogres
  5 centaurs
  6 big kobolds
  4 bullfrogs
  4 gnoll sergeants (D:9)
  Dowan (D:6)
  3 scorpions
  A water moccasin skeleton (D:5)
  2 jellies
  8 wights (D:9)
  2 howler monkeys
  A centaur zombie (D:6)
  2 hounds
  A centaur skeleton (D:7)
  9 orc priests
  8 orc wizards
  2 bullfrog skeletons (D:5)
  4 iguanas
  3 worker ants
  Robin (D:2)
  8 gnolls
  9 adders
  A shadow imp (D:8)
  2 white imps
  An ufetubus (D:9)
  3 oozes
  2 adder zombies
  2 adder skeletons
  3 dart slugs
  7 worms
  4 leopard geckos
  40 orcs
  A bat zombie (D:1)
  3 giant cockroaches
  17 goblins
  14 hobgoblins
  12 jackals
  6 quokkas
  A ball python (D:3)
  12 bats
  7 frilled lizards
  11 kobolds
  9 rats
275 creatures vanquished.

Vanquished Creatures (others)
  An orc (D:8)
  2 lurking horrors (Orc:2)
  3 plants
6 creatures vanquished.

Grand Total: 281 creatures vanquished

Notes
Turn   | Place    | Note
-------+----------+-------------------------------------------
     0 | D:1      | DullName the Minotaur Fighter began the quest for the Orb.
     0 | D:1      | Reached XP level 1. HP: 19/19 MP: 0/0
   362 | D:1      | Reached XP level 2. HP: 20/27 MP: 1/1
   649 | D:1      | Reached skill level 4 in Shields
   719 | D:1      | Reached XP level 3. HP: 30/33 MP: 2/2
  1993 | D:2      | Found a broken altar of Ashenzari.
  2120 | D:2      | Noticed Robin
  2157 | D:2      | Reached skill level 1 in Dodging
  2161 | D:2      | Killed Robin
  2162 | D:2      | Reached XP level 4. HP: 26/40 MP: 3/3
  2714 | D:2      | Reached skill level 5 in Armour
  2714 | D:2      | Reached XP level 5. HP: 30/46 MP: 4/4
  2864 | D:3      | You fall into a shaft and drop 1 floor!
  2959 | D:4      | Reached skill level 5 in Shields
  3110 | D:3      | Reached XP level 6. HP: 52/52 MP: 5/5
  3387 | D:3      | Found a shimmering altar of Xom.
  3855 | D:4      | Found a staircase to the Ecumenical Temple.
  4614 | Temple   | Entered the Ecumenical Temple
  5013 | Temple   | Became a worshipper of Makhleb the Destroyer
  5101 | D:5      | Entered Level 5 of the Dungeon
  5110 | D:5      | Reached skill level 5 in Long Blades
  5319 | D:5      | Reached skill level 5 in Fighting
  5319 | D:5      | Reached XP level 7. HP: 54/61 MP: 6/6
  5399 | D:5      | Found a snail-covered altar of Cheibriados.
  5447 | D:5      | Found Tepseoca's Gadget Emporium.
  5493 | D:5      | Reached skill level 6 in Shields
  5793 | D:5      | Found a blossoming altar of Fedhas.
  5912 | D:5      | Found a sacrificial altar of Ru.
  6216 | D:6      | Reached XP level 8. HP: 69/69 MP: 7/7
  6232 | D:6      | Found a sparkling altar of Nemelex Xobeh.
  6251 | D:6      | Found a glowing silver altar of Zin.
  6463 | D:6      | Reached skill level 7 in Shields
  6532 | D:6      | Reached * piety under Makhleb
  6736 | D:6      | Noticed Prince Ribbit
  6747 | D:6      | Reached skill level 1 in Stealth
  6848 | D:6      | Noticed Duvessa
  6848 | D:6      | Noticed Dowan
  6954 | D:6      | Killed Duvessa
  7003 | D:6      | Killed Dowan
  7377 | D:6      | Killed Prince Ribbit
  7378 | D:6      | Reached skill level 8 in Shields
  7378 | D:6      | Reached XP level 9. HP: 50/75 MP: 8/8
  7595 | D:6      | Noticed Menkaure
  7606 | D:6      | Killed Menkaure
  8200 | D:6      | Reached skill level 1 in Short Blades
  8648 | D:7      | Reached skill level 9 in Shields
  8671 | D:7      | Found a hazy altar of Hepliaklqana.
  8722 | D:7      | Found Oca Juoz's Magic Scroll Shoppe.
  8725 | D:7      | Bought a scroll of remove curse for 30 gold pieces
  8725 | D:7      | Bought a scroll of identify for 20 gold pieces
  8725 | D:7      | Bought a scroll of identify for 20 gold pieces
  8725 | D:7      | Bought a scroll of enchant armour for 75 gold pieces
  8752 | D:7      | Found a glowing golden altar of the Shining One.
  8814 | D:7      | Noticed Harold
  8834 | D:7      | Killed Harold
  8840 | D:7      | Reached ** piety under Makhleb
  8872 | D:7      | Reached skill level 10 in Shields
  9215 | D:7      | Found Fuiw's Antique Armour Shop.
  9222 | D:7      | Bought a pair of embroidered gloves for 187 gold pieces
  9255 | D:7      | Reached XP level 10. HP: 77/84 MP: 9/9
  9295 | D:7      | Found Dunto's Antique Armour Shop.
  9634 | D:8      | Noticed a two-headed ogre
  9647 | D:8      | Killed a two-headed ogre
  9648 | D:8      | Reached skill level 5 in Short Blades
  9836 | D:8      | Found an iron altar of Okawaru.
 10344 | D:9      | Found a staircase to the Orcish Mines.
 10397 | D:9      | Reached skill level 11 in Shields
 10445 | D:9      | Reached *** piety under Makhleb
 10637 | D:9      | Found a staircase to the Lair.
 10637 | D:9      | Noticed an elephant
 10712 | D:9      | Killed an elephant
 11361 | Orc:1    | Entered Level 1 of the Orcish Mines
 11436 | Orc:2    | Entered Level 2 of the Orcish Mines
 11439 | Orc:2    | Found Ixigaaf's Assorted Antiques.
 11448 | Orc:2    | Noticed an orc sorcerer
 11469 | Orc:2    | Noticed a sun demon
 11506 | D:8      | Reached XP level 11. HP: 19/92 MP: 10/10
 11971 | Orc:2    | Noticed an orc knight
 12185 | Orc:1    | Killed an orc knight
 12355 | Orc:2    | Noticed an orc high priest
 12515 | Orc:1    | Gained mutation: Your body sometimes deteriorates upon
                  | taking damage. [a neqoxec]
 12516 | Orc:1    | Gained mutation: You are frail. (-10% HP) [a neqoxec]
 12543 | D:9      | Killed from afar by an orc high priest

Illustrated notes

Levels and vault maps discovered:
D:1:      saegor_arrival_fortress, layout_basic
D:2:      layout_basic, ashenzari_conservatory_becter, uniq_robin
D:3:      layout_rooms, xom_teletrap_fun, minmay_pentomino_pile
D:4:      layout_gridville, minmay_temple_entry_statues_fountains,
          cheibrodos_sewer_entry_drain
D:5:      layout_gridville, nicolae_overflow_crystal_walls, slow_altar_1,
          nicolae_ru_the_path_less_chosen, serial_shops,
          nicolae_shop_temple_entry_statues_fountains, chequers_mini_garden
D:6:      layout_basic, zin_academy, nemelex_xobeh_ov_fountains_minmay,
          serial_rivers, chequers_serial_rivers_large_a,
          chequers_serial_rivers_micro_b, chequers_serial_rivers_large_b,
          chequers_serial_rivers_small_a, uniq_duvessa, uniq_prince_ribbit1,
          uniq_menkaure
D:7:      layout_basic, old_standard_altar, nzn_hepliaklqana_mist_gate,
          serial_shops, nicolae_shop_crystal, nicolae_shop_window_shopping,
          nicolae_shop_behind_doors, uniq_harold
D:8:      layout_basic, okawaru_gym_becter
D:9:      layout_roguey, david_lair_generic,
          kennysheep_orc_monster_closet_entryway, kennysheep_small_square
Temple:   hc_temple_tempest_star
Orc:1:    cheibrodos_orc_bank, layout_diamond_mine, ebering_ghost_rock_garden,
          serial_shops, shop, nicolae_shop_stone, nicolae_shop_stone, shop,
          uniq_josephine
Orc:2:    grunt_orc_tribal_feast, layout_diamond_mine, serial_shops,
          nicolae_shop_stone, amcnicky_altar_lugonu_corruption

Skill      XL: |  1  2  3  4  5  6  7  8  9 10 11 |
---------------+----------------------------------+-----
Armour         | 4 5 6 7 8 9 |  9.0
Fighting       | 4 5 6 7 |  7.6
Shields        | 4 5 6 8 10 11 | 11.7
Long Blades    | 3 4 5 7 9 |  9.6
Dodging        | 1 2 3 |  3.5
Stealth        | 1 |  1.8
Short Blades   | 4 7 |  7.7
Throwing       | |  0.8

Action                   |  1- 3 |  4- 6 |  7- 9 | 10-12 || total
-------------------------+-------+-------+-------+-------++-------
Melee: Long sword        |   155 |   238 |   177 |       ||   570
       Headbutt          |    18 |    34 |    79 |    81 ||   212
       Unarmed           |       |     1 |       |       ||     1
       Rapier            |       |       |   157 |   275 ||   432
       Falchion          |       |       |       |    99 ||    99
       Short sword       |       |       |       |    29 ||    29
Throw: Stone             |     2 |       |       |       ||     2
       Boomerang         |       |       |       |     1 ||     1
Invok: Lesser Servant of |       |       |       |     1 ||     1
  Use: Scroll            |       |     8 |     5 |     7 ||    20
Armor: Scale mail        |   102 |    54 |       |       ||   156
       Chain mail        |       |    64 |    80 |   117 ||   261
       Skin              |       |       |    12 |       ||    12
Dodge: Dodged            |    72 |    57 |    53 |    70 ||   252
Block: Kite shield       |   114 |   153 |   236 |   290 ||   793
       Reflection        |       |     6 |     8 |     4 ||    18
       Other             |       |       |     1 |       ||     1
       Rpst.: Long sword |    21 |    18 |    13 |       ||    52
       Falchion          |       |       |       |     6 ||     6

Table legend: (Time is in decaauts)
 A = Elapsed time spent in this place.
 B = Non-inter-level travel time spent in this place.
 C = Inter-level travel time spent in this place.
 D = Time resting spent in this place.
 E = Time spent auto-exploring this place.
 F = Levels seen in this place.
 G = Mean time per level.
                   A        B        C        D        E       F      G
               +--------+--------+--------+--------+--------+-----+--------+
         Total |  12679 |  12561 |    118 |   2527 |   3754 |  12 | 1056.6 |
       Dungeon |  11515 |  11397 |    118 |   2074 |   3539 |   9 | 1279.4 |
        Temple |    443 |    443 |      0 |      0 |    182 |   1 |  443.0 |
  Orcish Mines |    720 |    720 |      0 |    453 |     33 |   2 |  360.0 |
               +--------+--------+--------+--------+--------+-----+--------+

Top non-repeatable levels by time:
     D:6: 2419 daAuts
     D:2: 1354 daAuts
     D:1: 1345 daAuts
     D:4: 1286 daAuts
     D:8: 1199 daAuts
     D:9: 1036 daAuts
     D:5: 997 daAuts
     D:7: 989 daAuts
     D:3: 887 daAuts
   Orc:1: 648 daAuts
  Temple: 443 daAuts
   Orc:2: 72 daAuts
